 Dungeon Crawl Stone Soup version 0.17-a0-1-g1f4be75 (console) character file.

2168 Fusha the Basher (level 9, -1/139 HPs)
             Began as an Ogre Gladiator on Mar 15, 2015.
             Slain by a centaur (2 damage)
             ... on level 7 of the Dungeon.
             The game lasted 00:34:05 (8050 turns).

Fusha the Basher (Ogre Gladiator)                   Turns: 8050, Time: 00:34:05

Health: -1/139     AC: 29    Str: 21 (22) XL:     9   Next: 32%
Magic:  9/9        EV:  1    Int: -2 (7)  God:    Xom [...*..]
Gold:   209        SH:  6    Dex:  2 (11) Spells: 0 memorised, 8 levels left

rFire  . . .     SeeInvis .     a - +6 flail (protect)
rCold  . . .     Clarity  +     q - melded +2 robe {MR+}
rNeg   + + +     SustAb   .     B - +0 shield
rPois  +         Gourm    .     c - melded +0 hat
rElec  .         Spirit   .     e - melded +0 cloak
rCorr  .         Warding  .     (gloves unavailable)
rMut   .         NoTele   +     (boots unavailable)
MR     .....                    h - amulet of clarity
Stlth  ++........               (no ring)
                                (no ring)

@: tree-form, lost intelligence, very slow, not resistant to hostile
enchantments, unstealthy
A: unfitting armour, (horns 0), clumsy 1, (deformed body), deterioration 2,
screaming 1, (tough skin 0), MP-powered wands 1
a: Renounce Religion


You were on level 7 of the Dungeon.
You worshipped Xom.
You were a favourite toy of Xom.
You were not hungry.
You were a tree.
You visited 1 branch of the dungeon, and saw 8 of its levels.

You collected 366 gold pieces.
You spent 157 gold pieces at shops.

Inventory:

Hand weapons
 a - a +6 flail of protection (weapon)
 y - a +0 blowgun
 D - the +7 blowgun "Zyos" {speed, Str+4 Dex+7 Stlth-}
   (You bought it in a shop on level 6 of the Dungeon)

   Attacks with this weapon are significantly faster.
   It affects your strength (+4).
   It affects your dexterity (+7).
   It makes you less stealthy.
Missiles
 d - 3 throwing nets
 s - 2 tomahawks of returning (quivered)
 z - 8 poisoned needles
Armour
 c - a +0 hat (melded)
 e - a +0 cloak (melded)
 i - a +2 robe of magic resistance
 q - a +2 robe of magic resistance (melded)
 B - a +0 shield (worn)
Jewellery
 h - an amulet of clarity (around neck)
Magical devices
 k - a wand of confusion (9)
 m - a wand of slowing (22)
 w - a wand of disintegration (12)
 C - a wand of enslavement (13)
Scrolls
 b - a scroll of enchant weapon {unknown}
 f - 2 scrolls of immolation {unknown}
 j - 2 scrolls of blinking {unknown}
 l - a scroll of teleportation {unknown}
 p - 2 scrolls of remove curse
 v - a scroll of random uselessness {unknown}
 x - a scroll of noise
 A - a scroll of enchant armour {unknown}
Potions
 g - 2 potions of lignification
 n - a potion of resistance
 o - 3 potions of might
Comestibles
 t - 2 bread rations
 u - a beef jerky
 E - a meat ration


   Skills:
 + Level 7.4 Fighting
 + Level 9.3 Maces & Flails
 + Level 2.5 Throwing
 + Level 7.9 Dodging
 + Level 2.0 Stealth
 + Level 0.3 Shields
 + Level 0.3 Unarmed Combat
 + Level 0.3 Evocations


You had 8 spell levels left.
You didn't know any spells.

Dungeon Overview and Level Annotations

Branches:
Dungeon (8/15)             Temple (0/1) D:7
   Lair: D:8-11

Altars:
Elyvilon
Kikubaaqudgha
Makhleb
Nemelex Xobeh
Ru
Trog
Vehumet
Xom
The Shining One

Shops:
D:6 (


Innate Abilities, Weirdness & Mutations

You are too large for most types of armour.
((You have very tough skin (AC +2).))
((You have a pair of small horns on your head.))
You are clumsy. (Dex -2)
((Armour fits poorly on your strangely shaped body.))
Your body is deteriorating.
You occasionally shout uncontrollably at your foes.
You expend magic power (3 MP) to slightly strengthen your wands.


Message History

The centaur hits you but does no damage.
You block the giant frog's attack.
The centaur hits you but does no damage.
The giant frog hits you!
* * * LOW HITPOINT WARNING * * *
The centaur closely misses you.
Unknown command.
Drink which item? (? for menu, Esc to quit)
You turn into a tree.
Your +0 cloak melds into your body.
Your +0 hat melds into your body.
Your +2 robe of magic resistance melds into your body.
You feel less resistant to hostile enchantments.
Your roots penetrate the ground.
You block the giant frog's attack.
The centaur hits you but does no damage.
The giant frog hits you.
* * * LOW HITPOINT WARNING * * *
The centaur hits you but does no damage.
You block the giant frog's attack. The centaur hits you.
You die...
Xom giggles madly!

#. .. #.###+#### ....
#........##!...
#...(...........
#......(c.......
#......♣F....... ###
#...............
..#########.......##....
#........##.......## ...
#........#.........# ..
###......#.........#
..#...[..'.........+
P........##.......##
..#......##.......#


You could see a giant frog and a centaur.

Vanquished Creatures
  Edmund (D:5)
  The ghost of BLOAX the Ruffian, an average TrTm (D:4)
  2 sky beasts (D:5)
  A phantom (D:4)
  2 centaurs
  An ogre (D:5)
  Sigmund (D:4)
  A gnoll sergeant (D:6)
  4 giant frogs
  A water moccasin zombie (D:5)
  2 scorpions
  A quasit (D:4)
  A centaur zombie (D:6)
  2 crimson imps
  4 hounds
  A jelly (D:6)
  2 orc priests
  5 orc wizards
  4 iguanas
  3 worker ants
  Terence (D:3)
  Robin (D:4)
  10 gnolls
  11 adders
  A shadow imp (D:4)
  A giant mite (D:6)
  3 worms
  An adder skeleton (D:5)
  5 giant geckos
  An ooze (D:3)
  23 orcs
  18 bats
  2 bat skeletons
  6 giant cockroaches
  13 hobgoblins
  4 quokkas
  4 ball pythons
  7 giant newts
  19 goblins
  11 kobolds
  A quokka zombie (D:7)
  27 rats
210 creatures vanquished.

Vanquished Creatures (collateral kills)
  A goblin (D:5)
  A hobgoblin (D:4)
  A quokka (D:5)
3 creatures vanquished.

Vanquished Creatures (others)
  A phantom (D:5)
  A crimson imp (D:4)
2 creatures vanquished.

Grand Total: 215 creatures vanquished

Notes
Turn   | Place    | Note
--------------------------------------------------------------
     0 | D:1      | Fusha, the Ogre Gladiator, began the quest for the Orb.
     0 | D:1      | Reached XP level 1. HP: 22/22 MP: 1/1
   241 | D:1      | Reached XP level 2. HP: 29/29 MP: 2/2
   910 | D:2      | Reached XP level 3. HP: 19/37 MP: 3/3
  1302 | D:2      | Reached skill level 5 in Maces & Flails
  1302 | D:2      | Reached XP level 4. HP: 41/48 MP: 4/4
  1756 | D:3      | Noticed Terence
  1772 | D:3      | Killed Terence
  1885 | D:3      | Found a shimmering altar of Xom.
  1906 | D:3      | Became a worshipper of Xom of Chaos
  1930 | D:3      | Reached XP level 5. HP: 45/54 MP: 5/5
  2108 | D:3      | Found an ancient bone altar of Kikubaaqudgha.
  2375 | D:3      | XOM: divination: detect creatures
  2794 | D:3      | XOM: potion effect (invisibility)
  2800 | D:3      | XOM: harmless Divn miscast
  2817 | D:3      | XOM: 3-stop teleportation journey
  3038 | D:3      | Reached XP level 6. HP: 60/62 MP: 6/6
  3171 | D:3      | Reached skill level 6 in Maces & Flails
  3464 | D:4      | Gained mutation: You have a pair of small horns on your head. [potion of beneficial mutation]
  3774 | D:4      | Noticed Sigmund
  3790 | D:4      | Killed Sigmund
  3790 | D:4      | Reached skill level 1 in Stealth
  3863 | D:4      | XOM: 2-stop teleportation journey
  3870 | D:4      | Reached XP level 7. HP: 53/71 MP: 7/7
  3910 | D:4      | Noticed BLOAX's ghost (average TrTm)
  3914 | D:4      | XOM: blink monster(s)
  3920 | D:4      | XOM: mild Trmt miscast
  4255 | D:4      | XOM: summons 3 hostile shadow creatures
  4355 | D:4      | XOM: harmless Divn miscast
  4369 | D:4      | XOM: summons friendly crimson imp
  4380 | D:4      | Killed BLOAX's ghost
  4380 | D:4      | Reached skill level 7 in Maces & Flails
  4380 | D:4      | Reached skill level 5 in Dodging
  4389 | D:4      | Noticed Robin
  4391 | D:4      | Reached skill level 5 in Fighting
  4443 | D:5      | Entered Level 5 of the Dungeon
  4679 | D:4      | XOM: summons friendly quasit
  4680 | D:4      | Killed Robin
  4875 | D:4      | XOM: give mutation
  4875 | D:4      | XOM: summons 2 hostile shadow creatures
  5175 | D:4      | XOM: silly message
  5277 | D:5      | XOM: give mutation
  5277 | D:5      | Gained mutation: You have very tough skin (AC +2). [Xom's mischief]
  5287 | D:5      | XOM: medium Conj miscast
  5298 | D:5      | XOM: divination: detect creatures
  5343 | D:4      | XOM: summons 2 hostile demons
  5363 | D:4      | XOM: noise
  5375 | D:4      | XOM: vitrification
  5386 | D:4      | XOM: give mutations
  5386 | D:4      | Gained mutation: You are clumsy. (Dex -2) [Xom's mischief]
  5386 | D:4      | Gained mutation: Armour fits poorly on your strangely shaped body. [Xom's mischief]
  5386 | D:4      | Gained mutation: Your body is slowly deteriorating. [Xom's mischief]
  5386 | D:4      | Gained mutation: Your body is deteriorating. [Xom's mischief]
  5452 | D:4      | XOM is BORED!
  5452 | D:4      | XOM: summons 4 hostile shadow creatures
  5498 | D:4      | XOM: 3-stop teleportation journey
  5678 | D:5      | Found a shimmering altar of Xom.
  5678 | D:5      | XOM: 1-stop teleportation journey
  5693 | D:5      | XOM: chaos upgrade
  6056 | D:4      | XOM: medium Ice miscast
  6066 | D:4      | Reached XP level 8. HP: 37/81 MP: 8/8
  6120 | D:4      | XOM: give mutations
  6120 | D:4      | Gained mutation: You expend magic power (3 MP) to slightly strengthen your wands. [Xom's mischief]
  6120 | D:4      | Gained mutation: You occasionally shout uncontrollably at your foes. [Xom's mischief]
  6317 | D:5      | XOM: medium Tloc miscast
  6367 | D:5      | XOM: summons 4 hostile demons
  6368 | D:5      | Noticed a hellwing
  6368 | D:5      | Noticed a rust devil
  6375 | D:5      | XOM: 1-stop teleportation journey
  6549 | D:4      | XOM: harmless Conj miscast
  6741 | D:5      | Noticed Edmund
  6757 | D:5      | XOM: swap weapons
  6758 | D:5      | XOM: summons friendly white imp
  6762 | D:5      | Killed Edmund
  6762 | D:5      | Reached skill level 8 in Maces & Flails
  6764 | D:5      | XOM: harmless Trmt miscast
  6953 | D:5      | XOM: enchant monster (good)
  7142 | D:5      | Found a bloodstained altar of Trog.
  7143 | D:5      | Found a sparkling altar of Nemelex Xobeh.
  7452 | D:6      | Reached skill level 9 in Maces & Flails
  7510 | D:6      | Reached XP level 9. HP: 92/92 MP: 9/9
  7532 | D:6      | XOM: cast spell 'Spider Form'
  7532 | D:6      | Lost intelligence.
  7568 | D:6      | HP: 4/93 [gnoll/club (3)]
  7603 | D:6      | Found a sacrificial altar of Ru.
  7670 | D:6      | Found a radiant altar of Vehumet.
  7695 | D:6      | Found Paseah's Antique Weapon Shoppe.
  7707 | D:6      | Bought a smoking blowgun for 157 gold pieces
  7707 | D:6      | Identified the +7 blowgun "Zyos" {speed, Str+4 Dex+7 Stlth-} (You bought it in a shop on level 6 of the Dungeon)
  7783 | D:6      | Found a glowing golden altar of the Shining One.
  7895 | D:7      | Found a burning altar of Makhleb.
  7915 | D:7      | Found a staircase to the Ecumenical Temple.
  7966 | D:7      | Found a white marble altar of Elyvilon.
  8049 | D:7      | HP: 2/93 [giant frog (7)]
  8050 | D:7      | Slain by a centaur

Action                   |  1- 3 |  4- 6 |  7- 9 || total
-------------------------+-------+-------+-------++-------
Melee: Flail             |    92 |   208 |   374 ||   674
       Unarmed           |       |       |     5 ||     5
Throw: Tomahawk          |       |     7 |     3 ||    10
Evoke: Wand              |       |     4 |     3 ||     7
  Use: Scroll            |       |     9 |       ||     9
       Potion            |       |     1 |     9 ||    10
 Stab: Sleeping          |     1 |     4 |     1 ||     6
       Confused          |       |       |     1 ||     1
  Eat: Bread ration      |     1 |     1 |     1 ||     3
       Pizza             |       |     1 |       ||     1
       Beef jerky        |       |       |     2 ||     2
       Meat ration       |       |       |     1 ||     1
       Chunk             |       |       |     2 ||     2
